Map: Deathaura LE

Players

Geralt (Gerald) - Winner!

  • Race: Protoss Protoss
  • League: Grandmaster
  • Spawn Location: 5:00

Ziggy

  • Race: Terran Terran
  • Spawn Location: 11:00

Event: DreamHack SC2 Masters 2020 Winter

VOD

Have the link to the VOD?

Description

Time

  • Played on: Oct. 22, 2020, 3:36 p.m.
  • Length: 14:08

All games in this series

Show
View Real Time Build Order
Export as new Build Order

Geralt Protoss - Winner!

Build Orders: Blink Stalkers 

Get SALT Encoding   

  12  0:00  Probe  
  13  0:12  Probe  
  14  0:17  Pylon  
  14  0:24  Probe (Chrono Boost)  
  15  0:37  Probe (Chrono Boost)  
  15  0:38  Gateway  
  16  0:42  Probe (Chrono Boost)  
  16  0:46  Assimilator  
  17  0:52  Probe  
  18  1:04  Probe  
  19  1:16  Probe  
  20  1:28  Probe  
  21  1:37  Cybernetics Core  
  21  1:40  Probe  
  21  1:41  Pylon  
  21  1:47  Assimilator  
  22  1:58  Nexus  
  22  2:08  Probe  
  23  2:10  Adept (Chrono Boost), Assimilator  
  24  2:20  Probe  
  24  2:21  Warp Gate  
  25  2:30  Adept (Chrono Boost)  
  27  2:45  Probe  
  27  2:48  Twilight Council  
  28  2:53  Adept  
  29  3:00  Probe  
  30  3:12  Probe  
  31  3:13  Probe  
  31  3:19  Blink (Chrono Boost)  
  32  3:24  Probe  
  32  3:25  Probe  
  34  3:30  Gateway  
  34  3:35  Gateway  
  34  3:36  Probe  
  34  3:37  Probe  
  36  3:48  Probe  
  37  3:49  Probe  
  38  4:00  Probe  
  38  4:01  Probe  
  38  4:02  Robotics Facility  
  38  4:11  Stalker  
  38  4:12  Probe  
  38  4:14  Probe  
  40  4:20  Pylon  
  40  4:24  Probe  
  40  4:26  Probe, Stalker  
  44  4:31  Stalker  
  46  4:38  Probe x2  
  46  4:41  Stalker  
  50  4:48  Nexus  
  50  4:50  Observer (Chrono Boost)  
  50  4:51  Probe  
  52  4:54  Stalker  
  54  5:04  Pylon  
  54  5:08  Assimilator  
  54  5:11  Charge (Chrono Boost), Pylon  
  54  5:22  Probe x2, Observer  
  57  5:35  Gateway  
  57  5:36  Gateway  
  57  5:38  Gateway  
  57  5:39  Stalker  
  57  5:42  Forge  
  59  5:44  Stalker x2  
  59  5:46  Probe  
  59  5:49  Probe, Observer  
  63  5:58  Probe  
  63  6:00  Probe  
  63  6:01  Probe  
  63  6:02  Pylon  
  66  6:07  Zealot  
  66  6:08  Zealot  
  66  6:10  Probe  
  71  6:11  Observer  
  71  6:12  Probe  
  71  6:13  Probe, Zealot  
  75  6:22  Probe  
  75  6:24  Probe  
  75  6:25  Probe  
  75  6:27  Protoss Ground Armor Level 1 (Chrono Boost)  
  76  6:34  Probe  
  76  6:36  Probe  
  76  6:37  Gateway x2  
  76  6:38  Probe  
  78  6:41  Templar Archives  
  78  6:42  Warp Prism (Chrono Boost)  
  78  6:44  Pylon  
  78  6:47  Probe  
  81  6:49  Zealot x3  
  87  6:55  Probe  
  87  6:58  Pylon  
  87  7:00  Assimilator  
  88  7:01  Probe  
  88  7:02  Assimilator  
  88  7:04  Pylon  
  88  7:06  Photon Cannon  
  88  7:07  Psionic Storm  
  89  7:10  Probe  
  89  7:11  Probe  
  89  7:14  Probe  
  92  7:20  High Templar x2  
  97  7:22  Probe  
  97  7:23  Shield Battery  
  97  7:33  Zealot  
  97  7:34  Zealot x5  
  107  7:40  Probe  
  107  7:42  Pylon  
  108  7:45  Nexus  
  108  7:54  Pylon  
  108  7:55  Probe  
  108  7:57  Probe  
  106  8:07  Probe  
  106  8:08  High Templar x2  
  106  8:09  Zealot x3, High Templar x2  
  106  8:10  Zealot  
  106  8:11  Probe  
  116  8:17  Probe  
  117  8:20  Protoss Ground Weapons Level 1 (Chrono Boost)  
  117  8:25  Probe  
  118  8:31  Zealot, Photon Cannon  
  118  8:32  Shield Battery, Zealot x2  
  118  8:33  Zealot  
  126  8:36  Probe x2  
  126  8:39  Probe  
  126  8:40  Robotics Facility  
  129  8:46  Zealot, High Templar  
  133  8:56  Probe  
  134  9:05  High Templar x2  
  106  9:33  Archon  
  106  9:38  Probe x2  
  92  9:39  Immortal x2 (Chrono Boost), Zealot x8  
  92  9:43  Probe x2  
  114  9:48  Assimilator  
  114  9:50  Probe x2  
  114  9:51  Assimilator  
  116  9:54  Gateway  
  116  9:55  Probe, Gateway  
  116  9:56  Gateway  
  116  9:57  Gateway  
  117  10:05  Zealot x8  
  131  10:10  Warp Prism  
  131  10:11  Warp Prism  
  134  10:28  Stalker x4  
  134  10:29  Stalker  
  134  10:33  Nexus  
  115  10:44  Archon  
  115  10:46  Immortal (Chrono Boost), Zealot x3  
  109  10:53  Zealot x3  
  101  11:09  Probe, Observer (Chrono Boost)  
  102  11:12  High Templar  
  102  11:13  High Templar x3  
  102  11:17  Probe  
  102  11:18  Probe  
  112  11:20  Photon Cannon  
  112  11:22  Probe, Stalker  
  112  11:23  Stalker x2  
  112  11:24  Protoss Ground Armor Level 2 (Chrono Boost)  
  119  11:25  Probe  
  119  11:29  Probe  
  119  11:30  Robotics Bay  
  119  11:31  Zealot x2  
  119  11:32  Zealot x2  
  129  11:37  Probe  
  130  11:44  Observer  
  130  11:48  High Templar x2  
  130  11:51  Probe, Photon Cannon  
  130  11:52  Probe x2  
  137  11:55  Archon  
  137  11:56  Zealot x2  
  137  11:57  Zealot x5  
  143  12:09  Probe  
  143  12:12  Photon Cannon  
  143  12:13  Probe  
  143  12:14  Probe, Pylon  
  146  12:17  Probe  
  146  12:18  Probe  
  146  12:21  Probe  
  149  12:25  Probe  
  149  12:26  Pylon  
  149  12:29  Zealot x2  
  154  12:33  Probe, Pylon  
  154  12:35  Pylon  
  155  12:42  Disruptor x2  
  161  12:51  Gravitic Drive (Chrono Boost)  
  161  12:53  Probe  
  146  13:06  Archon  
  146  13:07  Zealot x12  
  148  13:17  Disruptor  
  148  13:18  Disruptor  
  148  13:28  Zealot  
  148  13:29  Zealot x2  
  142  13:34  Stalker x5  
  142  13:35  Stalker x4  
  142  13:40  Probe  
  162  14:05  Zealot x11  
  162  14:06  Zealot  
Show
View Real Time Build Order
Export as new Build Order

Ziggy Terran 

Build Orders: Gas First Reaper Expand 

Get SALT Encoding   

  12  0:00  SCV  
  13  0:12  SCV  
  14  0:17  Supply Depot  
  14  0:24  SCV  
  15  0:29  Refinery  
  15  0:39  SCV  
  16  0:45  Barracks  
  16  0:51  SCV  
  17  1:03  SCV  
  18  1:15  Engineering Bay  
  18  1:18  SCV  
  19  1:27  Engineering Bay  
  19  1:32  Reaper, Orbital Command  
  20  1:51  Command Center  
  19  1:58  SCV  
  20  2:04  Barracks Reactor  
  20  2:10  SCV, Supply Depot  
  21  2:21  Factory  
  21  2:22  SCV  
  22  2:34  SCV  
  23  2:41  Marine  
  23  2:42  Marine  
  25  2:46  SCV  
  27  2:58  SCV  
  27  2:59  Marine x2  
  27  3:03  Orbital Command  
  29  3:07  Widow Mine  
  29  3:10  SCV  
  31  3:22  SCV  
  31  3:23  Command Center  
  31  3:24  Orbital Command  
  32  3:30  Factory Tech Lab  
  32  3:34  SCV, Marine x2  
  32  3:39  Barracks  
  35  3:42  Barracks  
  35  3:46  SCV  
  36  3:50  SCV  
  37  3:55  Marine x2  
  37  3:57  Siege Tank  
  37  4:00  SCV  
  43  4:04  SCV  
  43  4:12  SCV  
  43  4:15  Marine  
  43  4:16  SCV  
  46  4:19  Supply Depot  
  46  4:21  Marine  
  47  4:24  SCV  
  47  4:27  Barracks Tech Lab  
  47  4:29  Barracks Tech Lab  
  47  4:30  Bunker  
  49  4:33  Marine, Siege Tank  
  49  4:36  SCV  
  49  4:37  Orbital Command  
  53  4:43  SCV  
  54  4:46  Marine x2  
  54  4:48  SCV  
  54  4:52  Refinery  
  57  4:54  Stimpack  
  57  4:55  SCV  
  58  5:00  SCV  
  58  5:04  Marine x2  
  58  5:05  SCV  
  62  5:07  Marine x2  
  62  5:10  SCV  
  62  5:11  Refinery  
  65  5:15  Engineering Bay  
  65  5:16  SCV  
  65  5:20  SCV  
  67  5:24  Supply Depot  
  67  5:26  SCV  
  68  5:29  SCV  
  68  5:34  SCV, Marine x2  
  72  5:36  Supply Depot  
  72  5:39  Starport  
  72  5:42  Terran Infantry Weapons Level 1  
  72  5:43  SCV x2  
  72  5:46  Marine x2  
  76  5:50  SCV  
  76  5:51  Refinery  
  76  5:55  SCV  
  78  5:57  Barracks  
  78  6:01  Factory Reactor, Barracks  
  78  6:02  Combat Shield  
  78  6:04  SCV  
  79  6:12  SCV, Supply Depot  
  79  6:13  Supply Depot  
  79  6:15  Marine x2  
  82  6:20  Marauder  
  82  6:24  SCV  
  82  6:31  SCV  
  78  6:34  SCV  
  78  6:35  Marine x2  
  78  6:36  Concussive Shells, Marauder  
  78  6:37  Starport Reactor  
  78  6:38  SCV  
  84  6:40  Armory, Engineering Bay  
  84  6:45  Widow Mine x2  
  84  6:46  Missile Turret  
  90  6:47  Marauder  
  90  6:48  Missile Turret  
  90  6:50  SCV  
  90  6:52  SCV  
  92  6:54  Barracks Tech Lab  
  92  6:55  Marauder  
  92  6:59  Supply Depot  
  92  7:00  Supply Depot  
  94  7:03  SCV  
  95  7:08  Orbital Command  
  95  7:09  Supply Depot, Widow Mine x2  
  95  7:10  Marauder  
  95  7:14  Terran Infantry Armor Level 1  
  101  7:20  SCV  
  101  7:21  Marauder x2  
  101  7:22  SCV  
  107  7:29  Medivac x2  
  110  7:30  Widow Mine  
  110  7:33  SCV, Marauder  
  110  7:34  SCV x2  
  110  7:36  Marine  
  120  7:37  Marauder  
  120  7:43  Refinery  
  120  7:47  Marauder, Refinery, Marine  
  120  7:48  Supply Depot  
  120  7:49  Supply Depot  
  123  7:55  Marauder x2  
  123  7:56  Widow Mine x2  
  131  7:59  Marine  
  131  8:02  Marauder  
  133  8:09  Marine  
  133  8:10  Viking x2, SCV, Marauder  
  133  8:11  Supply Depot  
  141  8:16  Marine x2  
  141  8:17  Marine  
  144  8:22  Missile Turret  
  144  8:23  Marine  
  144  8:26  Widow Mine  
  147  8:29  Marine  
  147  8:33  Marauder  
  147  8:34  Marauder, Ghost Academy, Marine  
  153  8:42  Marauder, Liberator x2  
  153  8:44  Marine  
  162  8:49  Barracks  
  162  8:53  Marauder  
  162  8:55  Barracks  
  164  8:56  Marine  
  164  9:01  Marine  
  165  9:03  Marine  
  165  9:04  Marauder  
  165  9:06  Marauder  
  165  9:09  SCV x2  
  160  9:13  Marine  
  160  9:14  Marine  
  159  9:20  Marauder  
  159  9:22  Marine  
  153  9:26  SCV x2, Marauder  
  153  9:27  Marauder  
  145  9:31  Marine  
  145  9:32  Marine  
  145  9:34  Orbital Command  
  128  9:40  Marine  
  128  9:41  Marauder  
  128  9:43  SCV  
  132  9:47  Marauder  
  132  9:48  Marine  
  132  9:49  Marine  
  132  9:50  Marine  
  137  9:54  SCV  
  137  9:57  Marine  
  139  10:02  Marauder  
  139  10:05  Terran Infantry Weapons Level 2  
  139  10:06  Marine  
  142  10:07  Marauder  
  142  10:08  SCV x2, Marauder, Marine  
  149  10:15  Marine  
  149  10:16  Medivac x2  
  149  10:18  SCV  
  149  10:20  SCV  
  156  10:24  Marauder, Marine  
  157  10:29  Marauder  
  157  10:32  SCV  
  140  10:36  Marine  
  140  10:39  SCV, Marine  
  140  10:40  SCV  
  140  10:42  Marauder  
  127  10:45  SCV, Marauder  
  120  10:51  SCV  
  120  10:54  Marine  
  105  10:57  SCV, Marine  
  105  10:58  Unknown, Marauder  
  105  11:00  Medivac x2  
  105  11:03  SCV, Marauder  
  103  11:04  SCV  
  103  11:06  Command Center, Marine  
  103  11:10  Barracks x2  
  105  11:12  Marine  
  105  11:13  Missile Turret  
  105  11:15  Marine  
  107  11:18  Unknown  
  107  11:19  Marauder  
  107  11:20  Marauder  
  107  11:24  Terran Infantry Armor Level 2, Marauder  
  113  11:30  Enhanced Shockwaves, Medivac x2  
  119  11:35  Missile Turret  
  119  11:37  Marine x2  
  119  11:40  Marauder, Marine  
  119  11:45  Marine  
  119  11:46  SCV x2  
  123  11:55  Marine  
  123  11:56  Unknown, Marine  
  123  11:57  Marauder  
  123  11:59  Marauder  
  129  12:04  Marauder  
  120  12:08  Widow Mine x2  
  120  12:09  Barracks Tech Lab  
  120  12:10  Barracks Tech Lab  
  120  12:11  Medivac x2  
  121  12:18  Marauder  
  121  12:20  Marauder  
  121  12:22  Marine  
  124  12:24  Marine  
  124  12:25  Marauder  
  124  12:27  Marine  
  126  12:30  Unknown  
  126  12:31  Marine  
  129  12:40  Marine  
  129  12:42  Missile Turret, Marauder  
  134  12:46  Marauder x2  
  134  12:47  SCV  
  141  12:55  Marine  
  141  12:58  Unknown, Marine  
  132  13:07  Unknown, Marauder, Marine  
  132  13:08  Marine  
  118  13:13  Marine  
  118  13:15  Marine  
  118  13:17  Unknown  
  118  13:18  Marauder  
  102  13:26  Marauder  
  102  13:27  Unknown, Marauder, Marine  
  88  13:28  Marauder  
  88  13:31  Unknown, Marine x2  
  88  13:33  Marine  
  88  13:39  Marine  
  89  13:45  Marauder  
  89  13:46  Marine  
  89  13:48  Marine  
  91  13:49  Marine x2  
  91  13:51  SCV  
  91  13:53  SCV  
  98  13:56  SCV  
Tags
 
Add a new tag
Caveats
  • Supply blocks, unpowered buildings, or Contaminate may cause inaccurate times.
  • Supply counts are checked every 10 seconds.